Map: Ascension to Aiur LE

Players

Solbessx

  • Race: Zerg Zerg
  • Spawn Location: 11:00

Botvinnik - Winner!

  • Race: Terran Terran
  • Spawn Location: 5:00

Event: WCS Valencia 2017

VOD

Have the link to the VOD?

Description

Time

  • Played on: July 13, 2017, 8:07 a.m.
  • Length: 9:59

All games in this series

Show
View Real Time Build Order
Export as new Build Order

Solbessx Zerg 

Build Orders: Hatch First 

Get SALT Encoding   

  12  0:00  Drone  
  13  0:12  Overlord  
  13  0:17  Drone  
  14  0:30  Drone x2  
  14  0:34  Drone  
  17  0:52  Hatchery  
  17  0:55  Drone  
  17  0:58  Drone  
  18  1:10  Extractor  
  17  1:14  Spawning Pool  
  17  1:17  Drone  
  17  1:21  Drone  
  18  1:28  Drone  
  19  1:38  Overlord  
  19  2:01  Queen, Zergling x2  
  21  2:02  Zergling x2  
  21  2:04  Queen  
  21  2:05  Drone  
  26  2:11  Drone  
  26  2:14  Drone  
  28  2:17  Metabolic Boost  
  28  2:21  Drone  
  29  2:25  Drone  
  30  2:34  Drone  
  30  2:36  Drone  
  32  2:39  Queen  
  32  2:42  Overlord  
  34  2:47  Drone  
  35  2:53  Drone  
  35  2:55  Pneumatized Carapace  
  36  3:03  Drone  
  37  3:07  Drone  
  37  3:09  Drone  
  39  3:15  Hatchery  
  38  3:20  Drone x2  
  38  3:25  Overlord  
  38  3:26  Drone x2  
  42  3:35  Overlord  
  42  3:36  Zergling x4  
  44  3:46  Zergling x12  
  44  3:47  Zergling x2  
  51  3:54  Zergling x2  
  51  4:07  Drone x3  
  49  4:11  Drone x3  
  49  4:13  Drone  
  53  4:20  Drone x2, Overlord  
  53  4:22  Drone  
  53  4:24  Spore Crawler  
  55  4:25  Spore Crawler  
  53  4:31  Evolution Chamber  
  53  4:32  Evolution Chamber  
  47  4:42  Drone x3  
  47  4:43  Drone x3  
  51  4:48  Lair  
  51  4:51  Extractor, Queen x2  
  54  4:53  Drone  
  54  4:58  Drone  
  56  5:06  Spore Crawler  
  55  5:13  Spore Crawler  
  54  5:17  Zerg Ground Armor Level 1, Zerg Melee Weapons Level 1, Zergling x4  
  54  5:18  Zergling x6  
  58  5:31  Drone  
  58  5:32  Drone x8  
  64  5:36  Queen  
  61  5:54  Drone x4  
  61  5:55  Drone x6  
  71  5:58  Spire  
  71  6:03  Overlord  
  71  6:04  Overlord  
  70  6:10  Drone  
  71  6:13  Extractor, Overlord x2  
  69  6:25  Baneling Nest, Extractor, Drone  
  69  6:26  Drone x3  
  69  6:27  Extractor, Drone x2  
  72  6:41  Hatchery, Drone x2  
  72  6:42  Extractor, Drone  
  72  6:44  Drone x2  
  72  6:45  Drone x2  
  72  6:46  Queen x2  
  81  6:50  Drone x3  
  84  7:06  Hatchery  
  83  7:10  Overlord x4  
  83  7:25  Zerg Ground Armor Level 2, Zerg Melee Weapons Level 2  
  83  7:26  Overlord x3  
  83  7:29  Mutalisk x2  
  87  7:33  Zergling x8  
  91  7:39  Baneling x7  
  91  7:42  Overlord  
  91  7:47  Zergling x2  
  91  7:48  Zergling x10  
  91  7:49  Zergling x4  
  99  7:52  Zergling x2  
  90  8:08  Mutalisk x6  
  102  8:17  Overseer  
  100  8:21  Mutalisk x2  
  104  8:30  Baneling x4  
  103  8:35  Hatchery  
  103  8:40  Extractor, Drone x3  
  104  8:43  Overlord x3  
  104  8:44  Overlord x2  
  104  8:48  Overseer  
  104  8:55  Overseer  
  102  8:57  Baneling x7  
  101  9:08  Mutalisk  
  102  9:13  Zergling x28  
  116  9:25  Overlord x2  
  116  9:27  Zergling x10  
  121  9:33  Baneling  
  121  9:34  Baneling x13  
  121  9:40  Baneling x5  
  121  9:41  Baneling  
Show
View Real Time Build Order
Export as new Build Order

Botvinnik Terran - Winner!

Build Orders: Reaper Expand, Bio Mine, Hellion Banshee 

Get SALT Encoding   

  12  0:00  SCV  
  13  0:13  SCV  
  14  0:17  Supply Depot  
  14  0:25  SCV  
  15  0:30  Refinery  
  15  0:38  SCV  
  16  0:45  Barracks  
  16  0:50  SCV  
  17  1:03  SCV  
  18  1:15  SCV  
  19  1:31  Orbital Command  
  19  1:32  Reaper  
  20  1:42  Command Center  
  20  1:52  Factory  
  20  1:58  SCV  
  21  2:03  Supply Depot  
  21  2:07  Barracks Reactor  
  21  2:13  SCV  
  22  2:18  Refinery  
  22  2:25  SCV  
  23  2:40  SCV  
  23  2:43  Starport  
  24  2:48  Hellion x2  
  24  2:51  Barracks Tech Lab  
  28  2:52  SCV  
  28  2:54  Orbital Command  
  29  3:04  SCV  
  30  3:09  Hellion x2  
  34  3:14  Supply Depot  
  34  3:19  SCV  
  35  3:25  SCV  
  36  3:31  SCV  
  36  3:32  Barracks Tech Lab, Cloaking Field  
  37  3:37  SCV  
  37  3:38  Banshee  
  41  3:43  Hellion  
  41  3:46  Hellion  
  45  3:48  SCV  
  45  3:49  SCV  
  47  3:56  Stimpack  
  47  3:57  Supply Depot  
  47  4:01  SCV x2  
  44  4:10  Hellion x2  
  44  4:13  SCV  
  45  4:18  SCV  
  45  4:23  Banshee  
  49  4:25  SCV  
  49  4:31  SCV  
  51  4:35  Hellion  
  51  4:36  Hellion  
  51  4:37  SCV  
  51  4:43  SCV  
  52  4:48  Marine, Command Center  
  52  4:49  SCV  
  52  4:50  Supply Depot  
  54  4:55  SCV  
  55  5:03  SCV, Barracks  
  55  5:04  Barracks  
  56  5:07  SCV  
  56  5:08  Factory Reactor  
  56  5:12  Engineering Bay  
  57  5:15  Starport Reactor  
  57  5:17  Engineering Bay  
  57  5:18  Refinery x2  
  57  5:20  Marine  
  58  5:23  SCV x2  
  60  5:35  SCV  
  60  5:36  SCV  
  60  5:37  Marine  
  63  5:44  Terran Infantry Weapons Level 1  
  63  5:45  Barracks  
  63  5:46  Barracks  
  63  5:48  SCV x2  
  62  5:56  Marine  
  63  5:57  Marine  
  63  5:58  Marine, Factory Reactor  
  63  5:59  Combat Shields  
  63  6:00  SCV x2  
  63  6:01  Marine x2  
  63  6:02  Orbital Command  
  69  6:13  Terran Infantry Armor Level 1  
  69  6:15  SCV x2  
  71  6:23  Marine x4  
  71  6:24  Marine  
  76  6:26  Medivac x2  
  80  6:35  Supply Depot x3  
  80  6:37  Barracks Reactor x2  
  80  6:42  Marine x4  
  80  6:43  Marine  
  80  6:44  Orbital Command  
  85  6:50  Armory  
  85  6:56  SCV x2, Widow Mine  
  89  7:03  Marine x5  
  94  7:08  SCV x2  
  94  7:13  SCV  
  97  7:16  Bunker, Supply Depot  
  97  7:17  Supply Depot  
  97  7:18  Marine x3  
  97  7:19  Marine  
  97  7:20  Widow Mine  
  103  7:24  Widow Mine  
  103  7:27  Factory  
  103  7:29  SCV  
  107  7:30  SCV x2  
  107  7:32  Marine  
  109  7:38  Marine x4  
  109  7:39  Supply Depot  
  109  7:42  Marine x4  
  117  7:44  Supply Depot  
  117  7:50  Marine  
  117  7:51  Widow Mine  
  118  7:53  Widow Mine  
  118  7:56  Marine x2  
  124  8:01  Marine x2  
  117  8:06  Marine  
  117  8:07  Marine x2  
  109  8:16  Widow Mine  
  109  8:17  Drilling Claws  
  109  8:18  Medivac  
  109  8:19  Widow Mine  
  108  8:21  Widow Mine  
  108  8:22  Marine x5  
  108  8:23  Marine, Refinery  
  118  8:29  SCV x2  
  120  8:35  Marine x3  
  120  8:36  Supply Depot  
  120  8:38  Supply Depot  
  120  8:41  Marine x6  
  125  8:48  Medivac x2, Widow Mine x2  
  133  8:50  Command Center  
  133  8:54  Marine x3  
  140  8:57  Widow Mine  
  140  8:58  Marine  
  143  9:08  Marine x2  
  143  9:11  Marine x2  
  143  9:12  Marine x4, Missile Turret  
  143  9:14  Missile Turret  
  143  9:16  Supply Depot  
  146  9:17  Marine  
  146  9:18  Missile Turret  
  146  9:21  Medivac x2  
  150  9:27  SCV x3  
  150  9:29  Marine x4  
  157  9:37  Marine  
  158  9:38  Marine x2  
  158  9:39  Marine  
  165  9:57  Supply Depot x2  
Tags
 
Add a new tag
Caveats
  • Supply blocks, unpowered buildings, or Contaminate may cause inaccurate times.
  • Supply counts are checked every 10 seconds.